Map: Rhoskallian LE

Players

Massa - Winner!

  • Race: Terran Terran
  • League: Platinum
  • Spawn Location: 6:00

qqq - Winner!

  • Race: Zerg Zerg
  • League: Platinum
  • Spawn Location: 5:00

Rokky

  • Race: Terran Terran
  • League: Platinum
  • Spawn Location: 11:00

Beloyar

  • Race: Protoss Protoss
  • League: Platinum
  • Spawn Location: 12:00

VOD

Have the link to the VOD?

Description

Time

  • Played on: Dec. 5, 2020, 9:07 a.m.
  • Length: 19:36
Show
View Real Time Build Order
Export as new Build Order

Massa Terran - Winner!

Build Orders:  

Get SALT Encoding   

  12  0:00  SCV  
  13  0:12  SCV  
  14  0:24  SCV  
  14  0:27  Supply Depot  
  15  0:40  Supply Depot  
  15  0:48  SCV  
  15  0:49  Barracks  
  16  1:00  SCV  
  16  1:02  Supply Depot  
  17  1:12  SCV  
  17  1:18  Refinery  
  18  1:25  SCV  
  19  1:37  Marine  
  20  1:42  Orbital Command  
  20  1:56  Marine  
  21  2:03  Barracks  
  21  2:09  SCV  
  21  2:14  Reaper  
  23  2:25  Command Center  
  23  2:32  SCV  
  24  2:45  SCV  
  25  2:54  Barracks Tech Lab  
  25  2:57  SCV  
  26  3:01  Barracks Reactor  
  26  3:07  Refinery  
  26  3:12  SCV  
  27  3:14  Command Center  
  27  3:33  Marauder  
  29  3:34  Stimpack  
  29  3:37  Marine x2  
  31  3:52  Orbital Command  
  31  3:54  SCV, Marauder  
  31  3:55  Marine x2  
  35  3:59  Engineering Bay  
  36  4:06  SCV  
  37  4:13  Factory  
  37  4:19  SCV x2  
  39  4:27  Missile Turret  
  39  4:30  Missile Turret  
  39  4:31  SCV  
  39  4:32  Marauder, Marine  
  39  4:36  SCV  
  39  4:37  SCV  
  45  4:43  SCV  
  46  4:48  SCV  
  46  4:49  Orbital Command  
  47  5:06  Marine x2  
  50  5:07  Marauder  
  50  5:10  Factory Tech Lab  
  50  5:11  SCV x2  
  52  5:14  Combat Shield  
  52  5:16  Terran Infantry Weapons Level 1  
  52  5:23  SCV  
  52  5:24  SCV  
  52  5:26  Marine  
  52  5:27  Marine  
  58  5:28  Marauder, Siege Tank  
  61  5:36  SCV x2  
  61  5:41  Sensor Tower  
  63  5:43  SCV  
  63  5:44  Marine x2  
  63  5:48  SCV x2  
  68  5:56  SCV  
  69  6:02  Refinery, Barracks  
  69  6:03  Refinery  
  69  6:07  Barracks  
  69  6:22  Supply Depot  
  69  6:23  Supply Depot x2  
  69  6:24  Supply Depot x2  
  69  6:44  Marauder, Marine x2, Siege Tank  
  75  7:04  Orbital Command  
  75  7:05  Starport  
  75  7:06  Marauder  
  77  7:18  Barracks Reactor, Barracks Tech Lab  
  77  7:19  Marine x2  
  79  7:25  SCV x2  
  79  7:27  Marauder  
  79  7:29  SCV  
  84  7:36  Marine  
  84  7:37  SCV x2, Missile Turret  
  84  7:41  Armory  
  84  7:42  SCV  
  84  7:44  Terran Infantry Armor Level 1, Engineering Bay  
  88  7:45  Medivac  
  88  7:48  Marauder  
  88  7:49  SCV x2  
  88  7:50  Siege Tank  
  97  7:52  Marauder, Marine  
  97  7:54  SCV, Marine  
  102  7:59  Missile Turret  
  102  8:02  SCV  
  102  8:03  SCV  
  104  8:06  SCV  
  104  8:10  Marauder, Marine  
  108  8:14  SCV  
  108  8:17  Refinery  
  108  8:18  Refinery  
  109  8:27  Supply Depot x4  
  109  8:29  Terran Infantry Weapons Level 2  
  109  8:31  Starport Reactor, Supply Depot  
  109  8:37  Concussive Shells  
  109  8:48  Marine x4  
  109  8:49  SCV x3, Marauder x2  
  120  9:00  Command Center  
  120  9:01  SCV x3  
  123  9:04  Command Center  
  123  9:06  Marine  
  124  9:10  Marauder x2  
  124  9:13  SCV x3  
  131  9:25  SCV x3  
  131  9:29  Marine x4  
  138  9:31  Siege Tank  
  138  9:32  Marauder x2  
  145  9:41  Missile Turret  
  145  9:47  Marine x2  
  145  9:50  Medivac  
  149  9:55  Medivac  
  149  9:56  Marauder x2  
  145  10:03  Marine x2  
  147  10:11  Barracks x2  
  147  10:12  Siege Tank  
  147  10:14  Terran Infantry Armor Level 2, Supply Depot  
  150  10:15  Terran Vehicle And Ship Armor Level 1, Supply Depot  
  150  10:17  Marauder x2  
  150  10:20  Medivac  
  156  10:25  Medivac  
  158  10:39  Marauder  
  158  10:41  Supply Depot x2  
  124  11:06  Medivac x2, Supply Depot  
  124  11:07  Supply Depot  
  124  11:09  Marauder, Marine  
  124  11:10  Marauder, Marine x3  
  125  11:27  Marine  
  125  11:28  Marine x3  
  125  11:30  Marauder  
  125  11:31  Barracks Tech Lab, Marauder  
  133  11:33  Barracks Reactor, Siege Tank  
  133  11:36  Medivac x2  
  133  11:39  Factory  
  140  11:40  Factory  
  140  11:42  Planetary Fortress  
  140  11:45  Marine x3, Missile Turret  
  143  11:47  SCV x3, Missile Turret  
  143  11:50  Planetary Fortress  
  143  11:52  Marauder x2  
  143  11:53  Marauder  
  152  11:59  SCV x3  
  155  12:06  Siege Tank  
  156  12:08  Marine x2  
  156  12:09  Marine x4  
  156  12:11  Viking  
  156  12:13  Marauder  
  156  12:14  Marauder  
  156  12:15  Marauder  
  170  12:17  Terran Infantry Weapons Level 3  
  170  12:20  Terran Vehicle Weapons Level 1  
  170  12:24  Refinery  
  170  12:25  Refinery  
  170  12:26  SCV x3, Marine x2  
  175  12:35  Marauder x2  
  175  12:36  Marauder  
  181  12:41  Liberator x2, Missile Turret  
  187  12:54  Smart Servos  
  187  12:56  Marauder  
  187  12:57  Siege Tank  
  187  12:58  Factory Tech Lab x2  
  192  13:02  Missile Turret  
  161  13:22  Siege Tank x2  
  161  13:24  Viking x2  
  161  13:25  Missile Turret  
  171  13:27  Marauder x2  
  171  13:28  Marauder, Marine x3  
  171  13:29  Marine x3, Siege Tank  
  186  13:40  SCV x3  
  189  13:44  Terran Infantry Armor Level 3  
  189  13:46  Marine x5  
  189  13:47  Marine  
  195  13:49  Marauder x2  
  199  13:56  Refinery x2  
  199  14:54  Hi-Sec Auto Tracking  
  189  15:17  Medivac x2  
  189  15:18  Marauder x2, Marine  
  189  15:19  Marauder, Marine  
  191  15:45  Starport  
  191  15:47  Starport, Viking x2  
  195  15:53  Barracks  
  195  15:57  Command Center  
  154  17:21  Starport Tech Lab, Starport Reactor  
  153  17:30  Marauder  
  153  17:31  Marauder x2, Marine x6  
  153  17:33  Thor x3  
  153  17:36  Viking x2  
  184  17:48  Marine  
  184  17:49  Marine x5  
  185  17:52  Marauder x3  
  186  18:01  Viking x3  
  192  18:06  Marine, Viking x2  
  192  18:07  Marine x3  
  192  18:09  Planetary Fortress  
  200  18:18  Armory  
  200  19:02  Missile Turret  
  200  19:03  Missile Turret  
  200  19:04  Missile Turret  
  200  19:05  Missile Turret  
  200  19:07  Missile Turret  
  198  19:17  Refinery  
  198  19:21  Refinery  
  198  19:25  Missile Turret x2  
  198  19:27  Missile Turret  
  198  19:28  Missile Turret  
  198  19:31  Missile Turret  
Show
View Real Time Build Order
Export as new Build Order

qqq Zerg - Winner!

Build Orders: Hatch First, Lurkers 

Get SALT Encoding   

  12  0:00  Drone  
  13  0:10  Drone  
  14  0:27  Overlord  
  14  0:46  Hatchery  
  13  0:50  Drone  
  13  0:55  Drone  
  15  0:58  Extractor  
  14  1:23  Drone x3  
  17  1:28  Spawning Pool  
  16  1:47  Drone  
  16  1:48  Drone  
  18  1:58  Drone  
  19  2:04  Drone  
  20  2:14  Extractor  
  19  2:16  Lair  
  19  2:18  Overlord  
  19  2:21  Queen  
  21  2:25  Drone  
  21  2:28  Drone  
  23  2:35  Drone  
  23  2:36  Drone  
  25  2:38  Extractor  
  24  2:47  Drone  
  24  2:49  Drone x2  
  27  2:55  Drone  
  27  2:57  Drone  
  29  3:15  Drone  
  30  3:20  Infestation Pit  
  30  3:23  Drone x2, Evolution Chamber  
  30  3:24  Drone x3  
  30  3:25  Evolution Chamber  
  32  3:29  Metabolic Boost  
  32  3:37  Queen  
  34  3:41  Overlord  
  34  3:52  Zergling x2  
  34  3:54  Zerg Missile Weapons Level 1  
  35  4:01  Drone  
  36  4:03  Drone x3  
  36  4:04  Hydralisk Den  
  36  4:06  Zergling x2  
  36  4:09  Zergling x2  
  41  4:10  Zergling x2  
  41  4:13  Overlord  
  41  4:25  Hive  
  41  4:26  Drone  
  41  4:27  Drone  
  41  4:29  Zergling x2  
  44  4:32  Extractor  
  44  4:33  Extractor  
  42  4:57  Drone x2, Lurker Den  
  42  4:58  Drone x6  
  49  5:05  Overlord  
  49  5:06  Hydralisk  
  49  5:10  Muscular Augments  
  49  5:12  Drone  
  52  5:15  Overlord  
  52  5:23  Zerg Ground Armor Level 1  
  52  5:25  Drone x4  
  56  5:42  Pneumatized Carapace  
  56  5:50  Hatchery  
  56  5:52  Hydralisk x3  
  61  5:58  Overseer  
  61  6:02  Overlord  
  61  6:03  Overlord  
  61  6:06  Zerg Missile Weapons Level 2  
  61  6:20  Overlord  
  61  6:24  Lurker x2  
  63  6:40  Seismic Spines  
  60  7:01  Lurker x2  
  60  7:02  Drone  
  60  7:04  Queen  
  64  7:18  Hydralisk  
  64  7:19  Hydralisk  
  68  7:27  Hatchery  
  68  7:28  Hatchery  
  66  7:34  Hatchery  
  66  7:35  Hydralisk x3  
  71  7:37  Drone x3, Adaptive Talons  
  71  7:38  Hydralisk  
  76  8:01  Drone x2  
  76  8:02  Spire  
  74  8:23  Drone x2  
  76  8:27  Extractor  
  76  8:28  Extractor  
  74  8:34  Overlord x2  
  74  8:35  Overlord x3  
  74  8:36  Overlord  
  74  8:43  Hydralisk  
  74  8:46  Hydralisk  
  78  8:49  Grooved Spines  
  78  8:51  Drone x6  
  84  8:56  Hydralisk x4  
  92  9:04  Ultralisk Cavern, Zerg Melee Weapons Level 1  
  92  9:06  Drone x2  
  92  9:07  Drone x4  
  97  9:22  Drone x2  
  97  9:23  Queen  
  101  9:24  Queen  
  101  9:28  Hydralisk x2  
  101  9:30  Drone x5  
  101  9:31  Viper  
  112  9:32  Hydralisk  
  117  9:40  Spore Crawler  
  116  9:46  Spore Crawler  
  116  9:47  Spore Crawler  
  116  9:49  Lurker  
  116  9:52  Baneling Nest  
  114  9:58  Drone x2  
  114  9:59  Drone x7  
  124  10:00  Drone  
  124  10:11  Queen  
  124  10:12  Drone  
  124  10:13  Drone x5  
  132  10:18  Spine Crawler  
  132  10:21  Spine Crawler  
  130  10:22  Drone, Spine Crawler, Spore Crawler  
  130  10:23  Drone x2  
  130  10:26  Ultralisk  
  127  10:52  Ultralisk x3  
  143  11:05  Lurker x2  
  143  11:09  Viper  
  148  11:12  Overlord x7  
  148  11:13  Overlord  
  148  11:23  Extractor  
  148  11:24  Extractor  
  128  11:45  Hydralisk x2  
  128  11:46  Viper  
  135  11:48  Ultralisk  
  135  11:49  Drone x7  
  135  11:50  Drone x4  
  135  11:51  Extractor  
  135  11:53  Extractor  
  150  11:58  Extractor x2  
  148  12:04  Spine Crawler, Chitinous Plating  
  148  12:07  Zerg Melee Weapons Level 2  
  147  12:10  Zergling x6  
  147  12:11  Zergling x6  
  147  12:12  Drone x6  
  147  12:13  Drone x3  
  162  12:18  Lurker x2  
  164  12:30  Drone x4  
  164  12:36  Hydralisk x2, Ultralisk  
  174  12:41  Ultralisk  
  174  12:43  Zergling x2  
  182  13:23  Anabolic Synthesis  
  182  13:26  Hydralisk x4  
  182  13:27  Hydralisk x5  
  197  14:00  Hydralisk x3  
  194  14:22  Lurker x2  
  194  14:23  Lurker x3  
  196  14:25  Hydralisk x2  
  189  14:46  Hydralisk x5  
  198  15:01  Overseer  
  198  15:02  Overseer x2  
  198  15:06  Hydralisk  
  200  15:08  Zergling x10  
  200  15:09  Drone  
  194  15:32  Ultralisk  
  194  15:33  Ultralisk  
  162  15:59  Hydralisk x2  
  162  16:00  Ultralisk x3  
  162  16:01  Ultralisk x3  
  189  16:17  Hydralisk x4  
  189  16:19  Ultralisk  
  189  16:20  Drone x2  
  197  16:45  Zerg Ground Armor Level 2, Zerg Melee Weapons Level 3  
  197  16:49  Adrenal Glands  
  197  16:52  Centrifical Hooks  
  197  16:57  Hatchery  
  195  17:22  Hydralisk x6  
  195  17:45  Hydralisk x2  
  197  18:31  Hydralisk  
  199  18:49  Hatchery  
  199  18:54  Hatchery  
  197  18:56  Lurker x3  
  197  18:58  Hatchery  
  197  19:00  Hatchery x2  
  185  19:19  Overseer  
Show
View Real Time Build Order
Export as new Build Order

Rokky Terran 

Build Orders: 2 Factory, Mech 

Get SALT Encoding   

  12  0:00  SCV  
  13  0:12  SCV  
  14  0:19  Supply Depot  
  14  0:25  SCV  
  15  0:32  Refinery  
  15  0:45  Barracks  
  15  0:49  SCV  
  16  1:01  SCV  
  17  1:13  SCV  
  18  1:38  Marine, Command Center  
  19  1:43  Orbital Command  
  19  1:57  Factory  
  19  2:20  Marine  
  20  2:24  Refinery  
  20  2:38  Marine  
  20  2:40  SCV  
  22  2:50  Widow Mine  
  24  2:56  Factory  
  24  3:03  Orbital Command  
  24  3:04  Marine  
  25  3:13  SCV  
  26  3:25  SCV  
  27  3:29  Orbital Command  
  27  3:37  SCV  
  28  3:41  Factory Tech Lab x2  
  28  3:49  SCV  
  28  3:59  SCV  
  28  4:01  SCV  
  28  4:02  Siege Tank x2  
  36  4:11  SCV  
  36  4:13  SCV  
  37  4:23  SCV  
  38  4:24  Refinery  
  38  4:27  Engineering Bay  
  38  4:36  Supply Depot  
  38  4:52  Refinery  
  38  4:57  SCV x2, Siege Tank  
  43  5:09  SCV x2, Command Center  
  45  5:19  Supply Depot  
  45  5:21  SCV  
  46  5:41  SCV x2  
  48  5:48  Supply Depot  
  48  5:50  Supply Depot  
  48  5:53  SCV x2, Siege Tank  
  53  6:05  SCV  
  53  6:09  SCV, Siege Tank  
  58  6:14  Factory  
  58  6:17  SCV  
  59  6:21  Missile Turret  
  59  6:22  SCV  
  59  6:25  Siege Tank  
  63  6:29  SCV  
  64  6:34  SCV  
  64  6:37  Armory  
  64  6:39  Missile Turret  
  65  6:41  SCV  
  65  6:42  Siege Tank  
  65  6:46  SCV  
  70  6:47  Orbital Command  
  68  6:55  Missile Turret  
  68  6:57  Widow Mine  
  70  7:01  Factory Tech Lab  
  70  7:13  Orbital Command  
  70  7:14  Factory  
  70  7:24  Missile Turret  
  70  7:27  Thor x2, Missile Turret  
  70  7:28  Armory  
  82  7:33  Terran Vehicle Weapons Level 1  
  82  7:41  Missile Turret  
  82  7:51  SCV x3  
  85  7:55  Refinery  
  85  8:26  Refinery  
  85  8:29  Factory Tech Lab  
  85  8:31  Supply Depot  
  85  8:32  Terran Vehicle And Ship Armor Level 1  
  85  8:48  Supply Depot  
  85  8:50  Supply Depot  
  85  8:53  SCV x2, Siege Tank x2  
  93  8:57  Missile Turret  
  93  9:09  SCV x3, Siege Tank  
  101  9:10  Widow Mine  
  101  9:21  SCV x3, Supply Depot  
  104  9:25  Widow Mine, Hellion  
  104  9:27  Factory  
  106  9:33  SCV x2  
  108  9:39  Missile Turret  
  108  9:43  Thor, Siege Tank  
  116  9:58  Terran Vehicle Weapons Level 2  
  116  10:19  Command Center  
  116  10:22  Factory Tech Lab  
  116  10:30  Widow Mine  
  117  10:39  Widow Mine  
  117  10:41  Siege Tank  
  117  10:42  Siege Tank  
  116  10:48  Siege Tank  
  107  10:51  Siege Tank  
  110  11:00  Thor  
  107  11:13  Siege Tank  
  107  11:14  Thor  
  110  11:21  Siege Tank  
  110  11:23  Siege Tank  
  114  11:32  SCV x3  
  118  11:34  Missile Turret  
  118  11:35  Planetary Fortress  
  117  11:43  Siege Tank  
  117  11:44  SCV x3  
  117  11:45  Siege Tank  
  126  11:53  Siege Tank  
  129  11:55  Siege Tank  
  129  12:00  Missile Turret  
  132  12:04  SCV x3  
  132  12:15  Terran Vehicle And Ship Armor Level 2  
  132  12:20  Terran Vehicle Weapons Level 3  
  132  12:34  Sensor Tower, Missile Turret  
  132  12:39  Refinery  
  132  12:40  Refinery  
  132  12:48  Neosteel Armor  
  132  12:49  Command Center  
  132  12:53  Supply Depot x2  
  132  12:54  Supply Depot  
  132  12:55  Missile Turret  
  132  12:56  Supply Depot x2  
  132  12:57  Supply Depot  
  132  13:01  Siege Tank  
  132  13:03  Siege Tank  
  132  13:08  Widow Mine x2  
  130  13:14  Thor  
  136  13:29  Siege Tank  
  136  13:30  Widow Mine  
  136  13:33  Siege Tank  
  144  13:36  Widow Mine  
  144  13:37  Missile Turret  
  146  13:51  Siege Tank  
  149  13:57  Widow Mine  
  149  13:58  Widow Mine  
  149  14:02  Widow Mine  
  148  14:05  Widow Mine  
  138  14:18  Widow Mine  
  138  14:19  Widow Mine  
  138  14:20  Missile Turret  
  138  14:23  Widow Mine x2  
  143  14:27  Widow Mine  
  143  14:28  Hi-Sec Auto Tracking  
  145  14:32  SCV x3  
  148  14:40  Widow Mine  
  148  14:41  Widow Mine  
  148  14:44  Widow Mine, SCV x2, Siege Tank  
  159  14:48  Widow Mine  
  125  15:01  Widow Mine  
  125  15:02  Widow Mine  
  125  15:06  Widow Mine  
  120  15:09  Widow Mine  
  113  15:14  SCV x2  
  113  15:16  Widow Mine  
  115  15:22  Planetary Fortress  
  115  15:23  Widow Mine x2  
  115  15:26  SCV x2  
  115  15:27  Widow Mine  
  119  15:31  Widow Mine  
  115  15:38  SCV x2, Siege Tank  
  120  15:44  Siege Tank  
  120  15:45  Widow Mine  
  120  15:49  Widow Mine  
  125  15:50  SCV x2  
  124  16:02  SCV  
  101  16:13  Siege Tank x3  
  100  16:21  Siege Tank  
  92  16:29  Orbital Command  
  91  16:35  SCV  
  91  16:36  Hellbat  
  90  16:47  SCV  
  90  16:50  Hellion, Siege Tank  
  96  16:59  SCV  
  68  17:11  SCV  
  68  17:14  Widow Mine  
  68  17:15  Widow Mine x2  
  75  17:17  SCV  
  76  17:23  SCV  
  76  17:29  SCV  
  71  17:41  Siege Tank  
  66  17:45  Refinery  
  66  17:46  Refinery  
  66  17:48  Command Center  
  56  17:52  Widow Mine x2  
  46  18:13  Hellion  
  48  18:27  Widow Mine x2, Siege Tank  
  48  18:28  Hellion  
  57  18:34  Hellion  
  59  18:44  Missile Turret  
  59  18:58  Siege Tank, Supply Depot  
  59  19:01  Command Center  
Show
View Real Time Build Order
Export as new Build Order

Beloyar Protoss 

Build Orders: Carriers 

Get SALT Encoding   

  12  0:01  Probe  
  13  0:13  Probe  
  14  0:20  Pylon  
  14  0:25  Probe  
  15  0:38  Probe  
  15  0:41  Gateway  
  16  0:50  Probe (Chrono Boost)  
  16  0:54  Assimilator  
  17  1:02  Probe (Chrono Boost)  
  18  1:08  Probe (Chrono Boost)  
  19  1:35  Cybernetics Core  
  19  1:46  Nexus  
  18  1:48  Probe (Chrono Boost)  
  18  1:52  Assimilator  
  19  1:59  Probe (Chrono Boost)  
  20  2:02  Pylon  
  20  2:04  Probe (Chrono Boost)  
  21  2:14  Probe  
  22  2:20  Adept  
  24  2:23  Warp Gate (Chrono Boost)  
  24  2:29  Gateway  
  24  2:30  Probe  
  25  2:40  Pylon  
  25  2:51  Robotics Facility  
  25  3:00  Probe  
  25  3:04  Stalker  
  28  3:12  Probe (Chrono Boost)  
  29  3:23  Probe (Chrono Boost)  
  29  3:25  Probe (Chrono Boost)  
  31  3:27  Probe (Chrono Boost)  
  31  3:33  Probe  
  33  3:34  Gateway  
  33  3:39  Observer  
  34  3:45  Probe  
  34  3:47  Probe  
  36  3:50  Gateway  
  36  4:00  Pylon  
  36  4:08  Shield Battery  
  36  4:16  Twilight Council  
  37  4:17  Probe (Chrono Boost)  
  37  4:27  Probe (Chrono Boost)  
  38  4:31  Assimilator  
  38  4:34  Probe (Chrono Boost)  
  38  4:36  Assimilator, Adept  
  41  4:39  Shield Battery  
  41  4:42  Probe (Chrono Boost)  
  42  4:48  Probe  
  43  4:54  Charge  
  43  5:00  Probe  
  43  5:04  Robotics Bay  
  44  5:09  Pylon, Adept x4  
  44  5:14  Probe (Chrono Boost)  
  53  5:19  Probe (Chrono Boost)  
  56  5:29  Probe x2 (Chrono Boost)  
  56  5:34  Probe (Chrono Boost)  
  56  5:36  Probe  
  58  5:45  Probe  
  59  5:57  Probe  
  60  6:14  Stalker x2  
  60  6:15  Stalker x2  
  68  6:24  Pylon  
  68  6:28  Pylon  
  68  6:31  Pylon  
  65  7:00  Stalker  
  65  7:01  Stalker x3  
  63  7:12  Stargate  
  63  7:14  Stargate  
  63  7:21  Forge  
  63  7:25  Forge  
  63  7:27  Gateway  
  63  7:30  Gateway  
  63  7:39  Gateway  
  63  7:42  Zealot x4  
  71  7:48  Nexus  
  71  7:49  Pylon  
  71  7:52  Pylon  
  71  7:54  Pylon  
  71  7:59  Assimilator  
  71  8:02  Assimilator  
  71  8:14  Phoenix  
  71  8:17  Phoenix  
  75  8:38  Colossus  
  75  8:39  Phoenix  
  83  8:41  Pylon  
  83  8:43  Pylon  
  83  8:47  Pylon, Nexus  
  83  8:50  Pylon  
  83  8:51  Pylon  
  83  8:53  Pylon  
  83  8:55  Pylon  
  83  9:00  Zealot x3, Assimilator  
  83  9:01  Zealot x4  
  97  9:03  Assimilator  
  97  9:05  Protoss Ground Weapons Level 1, Protoss Ground Armor Level 1  
  97  9:24  Protoss Air Weapons Level 1  
  97  9:26  Probe  
  98  9:31  Colossus  
  98  9:38  Probe  
  105  9:39  Zealot x4  
  105  9:40  Zealot x2  
  113  9:50  Probe  
  114  10:05  Templar Archives, Probe (Chrono Boost)  
  114  10:06  Probe (Chrono Boost)  
  116  10:08  Fleet Beacon  
  117  10:15  Probe (Chrono Boost)  
  117  10:17  Probe (Chrono Boost)  
  117  10:20  Probe (Chrono Boost)  
  118  10:24  Photon Cannon  
  118  10:25  Colossus  
  125  10:28  Photon Cannon  
  125  10:31  Probe, Photon Cannon  
  74  11:09  Carrier x2  
  84  11:11  Zealot  
  84  11:12  Zealot x2  
  82  11:19  Observer  
  79  11:41  Observer  
  68  11:47  Psionic Storm  
  68  11:51  High Templar x3  
  68  11:52  High Templar  
  76  11:59  Probe (Chrono Boost)  
  78  12:09  Probe (Chrono Boost)  
  78  12:12  Zealot x3  
  78  12:13  Carrier x2  
  78  12:14  Probe (Chrono Boost)  
  97  12:24  Zealot x4  
  97  12:25  Probe  
  106  12:38  Probe  
  107  12:44  Nexus  
  107  12:47  Pylon  
  107  12:48  Pylon  
  107  12:49  Zealot x4  
  107  12:50  Zealot x2  
  107  12:51  Pylon  
  119  12:53  Pylon  
  119  12:57  Assimilator  
  119  13:01  Assimilator  
  107  13:27  Zealot x5  
  107  13:28  Zealot x2  
  121  13:36  Photon Cannon  
  121  13:39  Photon Cannon  
  120  13:50  Photon Cannon  
  120  13:52  Photon Cannon  
  120  13:55  Photon Cannon  
  120  13:57  Photon Cannon  
  120  13:58  Zealot x4  
  120  13:59  Zealot x2  
  120  14:01  Photon Cannon  
  132  14:03  Shield Battery  
  132  14:05  Shield Battery  
  132  14:07  Shield Battery  
  132  14:29  High Templar x2  
  132  14:30  High Templar x5  
  80  15:02  Zealot x2  
  80  15:03  Zealot x5  
  94  15:14  Archon x2  
  88  15:30  Carrier x2  
  88  16:00  High Templar  
  88  16:02  High Templar  
  67  16:28  Zealot x4  
  67  16:29  Zealot  
  75  16:34  Carrier x2  
  87  16:44  Gateway x2  
  87  16:45  Gateway  
  87  16:46  Gateway  
  81  16:47  Gateway  
  81  16:49  Gateway  
  77  17:03  Zealot x2  
  56  17:39  Carrier (Chrono Boost), Zealot x3  
  56  17:40  Zealot x5  
  66  18:00  Carrier (Chrono Boost)  
  72  18:39  High Templar x3, Nexus  
  72  18:40  High Templar x5  
  72  18:41  High Templar x5  
  98  18:49  Archon  
  98  18:50  Archon x4  
  98  18:51  Archon  
Tags
 
Add a new tag
Caveats
  • Supply blocks, unpowered buildings, or Contaminate may cause inaccurate times.
  • Supply counts are checked every 10 seconds.